 Dungeon Crawl Stone Soup version 0.16-a0-3467-gfe061fe (webtiles) character file.

86 NewYearsCrawler the Shield-Bearer (level 4, -6/37 HPs)
             Began as a Formicid Fighter on Jan 2, 2015.
             Mangled by Crazy Yiuf
             ... wielding a +4 quarterstaff of chaos
              (8 damage)
             ... on level 2 of the Dungeon.
             The game lasted 00:01:18 (1195 turns).

NewYearsCrawler the Shield-Bearer (FoFi)            Turns: 1195, Time: 00:01:19

Health: -6/37      AC:  7    Str: 22    XL:     4   Next: 78%
Magic:  0/5        EV:  8    Int:  7    God:
Gold:   158        SH:  9    Dex: 10    Spells: 0 memorised, 3 levels left

rFire  . . .     SeeInvis +     a - +0 war axe
rCold  . . .     Clarity  .     b - +0 scale mail
rNeg   . . .     SustAb   .     c - +0 shield
rPois  .         Gourm    .     (helmet unavailable)
rElec  .         Spirit   .     (no cloak)
rCorr  .         Warding  .     (no gloves)
rMut   .         Stasis   +     (no boots)
MR     .....                    (no amulet)
Stlth  ..........               (no ring)
                                (no ring)

@: not resistant to hostile enchantments, extremely unstealthy
A: permanent stasis, dig shafts and tunnels, four strong arms, antennae 3
a: Dig, Shaft Self


You were on level 2 of the Dungeon.
You were not hungry.

You visited 1 branch of the dungeon, and saw 2 of its levels.

You collected 158 gold pieces.

Inventory:

Hand weapons
 a - a +0 war axe (weapon)
Armour
 b - a +0 scale mail (worn)
 c - a +0 shield (worn)
Scrolls
 g - 11 scrolls of identify {unknown}
 i - a scroll of remove curse {unknown}
 k - a scroll of fear {unknown}
 l - a scroll of fog {unknown}
 m - a scroll of immolation {unknown}
 o - a scroll of magic mapping {unknown}
 t - a scroll of recharging {unknown}
Potions
 e - a potion of might
 f - a potion of lignification {unknown}
 h - 3 potions of heal wounds {unknown}
 j - a potion of cancellation {unknown}
 n - a potion of haste {unknown}
 p - a potion of poison {unknown}
 r - 3 potions of flight {unknown}
 v - a potion of curing {unknown}
 w - a potion of restore abilities {unknown}
Comestibles
 d - 3 bread rations
 q - 5 fruits
 s - a meat ration


   Skills:
 + Level 4.0 Fighting
 + Level 2.3 Axes
 + Level 4.0 Armour
 + Level 1.0 Dodging
 + Level 4.4 Shields


You had 3 spell levels left.
You didn't know any spells.

Dungeon Overview and Level Annotations

Branches:
Dungeon (2/15)

Altars:
Elyvilon
The Shining One

Annotations:
D:2 Crazy Yiuf


Innate Abilities, Weirdness & Mutations

You are under a permanent stasis effect.
You can dig through walls and to a lower floor.
Your four strong arms can wield two-handed weapons with a shield.
You have a pair of large antennae on your head (SInv).


Message History

All of the chunks of flesh in your inventory have rotted away.
You hit Crazy Yiuf.
Crazy Yiuf is moderately wounded.
Crazy Yiuf barely misses you.
You closely miss Crazy Yiuf.
Crazy Yiuf is moderately wounded.
You block Crazy Yiuf's attack.
You slash Crazy Yiuf!
Crazy Yiuf is almost dead.
You block Crazy Yiuf's attack. Crazy Yiuf hits you but does no damage.
You completely miss Crazy Yiuf.
Crazy Yiuf is almost dead.
Crazy Yiuf hits you with a quarterstaff of chaos!
* * * LOW HITPOINT WARNING * * *
You are too injured to fight recklessly!
You are too injured to fight recklessly!
You barely miss Crazy Yiuf.
Crazy Yiuf is almost dead.
Crazy Yiuf hits you with a quarterstaff of chaos!
You die...

#####+..'#
#....#
#..P.#
#..P##
##.## #.##
##.# #.##
##@# #g#
... #...#
#..)#
#####


You could see Crazy Yiuf.

Vanquished Creatures
  2 adders (D:2)
  2 worms (D:2)
  3 giant geckos
  9 bats
  8 goblins
  5 hobgoblins
  7 jackals (D:2)
  A quokka (D:2)
  3 giant newts (D:1)
  9 kobolds
  2 rats (D:1)
51 creatures vanquished.

Notes
Turn   | Place    | Note
--------------------------------------------------------------
     0 | D:1      | NewYearsCrawler, the Formicid Fighter, began the quest for the Orb.
     0 | D:1      | Reached XP level 1. HP: 18/18 MP: 1/1
   120 | D:1      | Reached XP level 2. HP: 22/24 MP: 3/3
   357 | D:1      | Reached XP level 3. HP: 28/30 MP: 4/4
   362 | D:1      | Reached skill level 4 in Shields
   818 | D:2      | Found a glowing golden altar of the Shining One.
   892 | D:2      | Reached XP level 4. HP: 22/37 MP: 5/5
   950 | D:2      | Found a white marble altar of Elyvilon.
  1174 | D:2      | Reached skill level 1 in Dodging
  1184 | D:2      | Noticed Crazy Yiuf
  1195 | D:2      | Mangled by Crazy Yiuf

Action                   |  1- 3 |  4- 6 || total
-------------------------+-------+-------++-------
Melee: War axe           |   110 |    58 ||   168
  Eat: Chunk             |       |     1 ||     1
